Workbook

Sheet Прил. 2 (приказ 1831-э) (ПНТЗ)
DD1: Приложение 2
DD2: к приказу Федеральной службы по тарифам
DD3: от 24 октября 2014 г. № 1831-э
A5: Форма раскрытия информации о структуре и объемах затрат
A6: на оказание услуг по передаче электрической энергии сетевыми
A7: организациями, регулирование деятельности которых осуществляется
A8: методом долгосрочной индексации необходимой валовой выручки
C10: Наименование организации: | AG10: АО "Энергосетевая компания ЧТПЗ" - филиал в г. Первоуральск
C11: ИНН: | J11: 7449045730
C12: КПП: | J12: 744901001
C13: Долгосрочный период регулирования: | AQ13: 2016 | AY13: - | BA13: 2016 | BI13: гг.
A15: № п/п | J15: Показатель | BI15: Ед. изм. | BT15: 2 полуг. 2016 | CN15: Примечание ***
BT16: план * | CD16: факт **
A17: I | K17: Структура затрат | BI17: х | BT17: х | CD17: х | CN17: х
A18: 1 | K18: Необходимая валовая выручка на содержание | BI18: тыс. руб. | BT18: =BT19+BT49 -> 10772.81 | CD18: =23659.33-2698.168+10.5 -> 20971.662 | CN18: В тарфном решении не были учтены потребности организации в полном объёме
A19: 1.1 | K19: Подконтрольные расходы, всего | BI19: тыс. руб. | BT19: =BT20+BT25 -> 4221.36 | CD19: =CD18-CD49 -> 13183.871
A20: 1.1.1 | K20: Материальные расходы, всего | BI20: тыс. руб. | BT20: =BT23 -> 997.515 | CD20: =CD21+CD22+CD23 -> 2308.5831
A21: 1.1.1.1 | K21: в том числе на сырье, материалы, запасные части, инструмент, топливо | BI21: тыс. руб. | CD21: =([1]ПНТЗ!E35-[1]ПНТЗ!E40-[1]ПНТЗ!E43)/1000 -> 849.9372
A22: 1.1.1.2 | K22: на ремонт | BI22: тыс. руб. | CD22: =[1]ПНТЗ!E40/1000 -> 7.80262
A23: 1.1.1.3 | K23: в том числе на работы и услуги производственного характера (в том числе услуги сторонних организаций по содержанию сетей и распределительных устройств) | BI23: тыс. руб. | BT23: =BT24 -> 997.515 | CD23: =([1]ПНТЗ!E24+[1]ПНТЗ!E59)/1000 -> 1450.8432 | CN23: Ремонтная программа была учтена в тарифном решеннии ниже необходимой
A24: 1.1.1.3.1 | K24: в том числе на ремонт | BI24: тыс. руб. | BT24: =1995.03/2 -> 997.515 | CD24: =CD23 -> 1450.8432
A25: 1.1.2 | K25: Фонд оплаты труда | BI25: тыс. руб. | BT25: =6447.69/2 -> 3223.845 | CD25: =([1]ПНТЗ!E26+[1]ПНТЗ!E13+[1]ПНТЗ!E68)/1000 -> 9931.5244 | CN25: Численность персонала была учтена в тарифном решении ниже фактического уровня
A26: 1.1.2.1 | K26: в том числе на ремонт | BI26: тыс. руб. | CD26: =[1]ПНТЗ!E13/1000 -> 4061.7427
A27: 1.1.3 | K27: Прочие подконтрольные расходы (с расшифровкой) | BI27: тыс. руб. | CD27: =CD19-CD20-CD25 -> 943.76347 | CN27: Прочие расходы не были учтены в тарифном решении
A28: 1.1.3.1 | K28: в том числе прибыль на социальное развитие (включая социальные выплаты) | BI28: тыс. руб. | CD28: 10.5
A29: 1.1.3.2 | K29: в том числе транспортные услуги | BI29: тыс. руб. | CD29: =([1]ПНТЗ!E56+[1]ПНТЗ!E100)/1000 -> 299.23519
A30: 1.1.3.3 | K30: в том числе командировочные | BI30: тыс. руб. | CD30: =([1]ПНТЗ!E72+[1]ПНТЗ!E30)/1000 -> 17.10265
A31: 1.1.3.4 | K31: в том числе членский взнос в СРО | BI31: тыс. руб.
A32: 1.1.3.5 | K32: в том числе услуги страхования (ДМС, ответственность) | BI32: тыс. руб. | CD32: =([1]ПНТЗ!E51+[1]ПНТЗ!E92)/1000 -> 78.39005
A33: 1.1.3.6 | K33: в том числе медецинские услуги | BI33: тыс. руб. | CD33: =([1]ПНТЗ!E95+[1]ПНТЗ!E94+[1]ПНТЗ!E54+[1]ПНТЗ!E53)/1000 -> 14.56057
A34: 1.1.3.7 | K34: в том числе услуги по обучению кадров | BI34: тыс. руб. | CD34: =([1]ПНТЗ!E101+[1]ПНТЗ!E57+[1]ПНТЗ!E58)/1000 -> 145.36387
A35: 1.1.3.8 | K35: в том числе лицензии | BI35: тыс. руб. | CD35: =([1]ПНТЗ!E96+[1]ПНТЗ!E97+[1]ПНТЗ!E98)/1000 -> 13.74916
A36: 1.1.3.9 | K36: в том числе нотариальные услуги | BI36: тыс. руб. | CD36: =[1]ПНТЗ!E107/1000 -> 0.08355
A37: 1.1.3.10 | K37: в том числе услуги ведения бухгалтерского учета | BI37: тыс. руб. | CD37: =([1]ПНТЗ!E91+[1]ПНТЗ!E102)/1000 -> 91.11098
A38: 1.1.3.11 | K38: в том числе услуги кредитных организаций | BI38: тыс. руб.
A39: 1.1.3.12 | K39: в том числе услуги связи | BI39: тыс. руб. | CD39: =([1]ПНТЗ!E108+[1]ПНТЗ!E62)/1000 -> 41.75238
A40: 1.1.3.13 | K40: в том числе текущий ремонт и содержание зданий | BI40: тыс. руб. | CD40: =([1]ПНТЗ!E63+[1]ПНТЗ!E61)/1000 -> 119.94536
A41: 1.1.3.14 | K41: в том числе энергоресуры | BI41: тыс. руб. | CD41: =[1]ПНТЗ!E84/1000 -> 0.35985
A42: 1.1.3.14 | K42: в том числе СОУТ | BI42: тыс. руб. | CD42: =[1]ПНТЗ!E60/1000 -> 27.4651
A43: 1.1.3.15 | K43: в том числе химчистка | BI43: тыс. руб. | CD43: =[1]ПНТЗ!E64/1000 -> 38.45871
A44: 1.1.3.14 | K44: в том числе обслуживание оргтехники | BI44: тыс. руб. | CD44: =([1]ПНТЗ!E99+[1]ПНТЗ!E55)/1000 -> 17.55066
A45: 1.1.3.15 | K45: в том числе услуги типографии | BI45: тыс. руб. | CD45: =([1]ПНТЗ!E52+[1]ПНТЗ!E93)/1000 -> 0.89218
A46: 1.1.3.16 | K46: в том числе услуги ведение реестра ценных бумаг | BI46: тыс. руб. | CD46: =[1]ПНТЗ!E103/1000 -> 5.40968
A47: 1.1.4 | K47: Расходы на обслуживание операционных заемных средств в составе подконтрольных расходов | BI47: тыс. руб.
A48: 1.1.5 | K48: Расходы из прибыли в составе подконтрольных расходов | BI48: тыс. руб.
A49: 1.2 | K49: Неподконтрольные расходы, включенные в НВВ, всего | BI49: тыс. руб. | BT49: =BT52+BT53 -> 6551.45 | CD49: =CD52+CD53+CD55+CD57+CD58 -> 7787.7911 | CN49: Превышение неподконтрольных расходов обусловлено необходимостью оплаты налогов с заработной платы
A50: 1.2.1 | K50: Оплата услуг ОАО "ФСК ЕЭС" | BI50: тыс. руб.
A51: 1.2.2 | K51: Расходы на оплату технологического присоединения к сетям смежной сетевой организации | BI51: тыс. руб.
A52: 1.2.3 | K52: Плата за аренду имущества | BI52: тыс. руб. | BT52: =11168.59/2 -> 5584.295 | CD52: =([1]ПНТЗ!E23+[1]ПНТЗ!E49+[1]ПНТЗ!E50+[1]ПНТЗ!E90+[1]ПНТЗ!E87)/1000 -> 5417.3945
A53: 1.2.4 | K53: отчисления на социальные нужды | BI53: тыс. руб. | BT53: =1934.31/2 -> 967.155 | CD53: =([1]ПНТЗ!E88+[1]ПНТЗ!E86+[1]ПНТЗ!E45+[1]ПНТЗ!E19)/1000 -> 2366.6633
A54: 1.2.5 | K54: расходы на возврат и обслуживание долгосрочных заемных средств, направляемых на финансирование капитальных вложений | BI54: тыс. руб.
A55: 1.2.6 | K55: амортизация | BI55: тыс. руб. | CD55: =([1]ПНТЗ!E67)/1000 -> 3.73326 | CN55: В течение года часть основных средств перешло из аренды в собственность АО "ЭСК ЧТПЗ".
A56: 1.2.7 | K56: прибыль на капитальные вложения | BI56: тыс. руб.
A57: 1.2.8 | K57: налог на прибыль | BI57: тыс. руб.
A58: 1.2.9 | K58: прочие налоги | BI58: тыс. руб.
A59: 1.2.10 | K59: Расходы сетевой организации, связанные с осуществлением технологического присоединения к электрическим сетям, не включенные в плату за технологическое присоединение | BI59: тыс. руб.
A60: 1.2.10.1 | K60: Справочно: "Количество льготных технологических присоединений" | BI60: ед.
A61: 1.2.11 | K61: Средства, подлежащие дополнительному учету по результатам вступивших в законную силу решений суда, решений ФСТ России, принятых по итогам рассмотрения разногласий или досудебного урегулирования споров, решения ФСТ России об отмене решения регулирующего органа, принятого им с превышением полномочий (предписания) | BI61: тыс. руб.
A62: 1.2.12 | K62: прочие неподконтрольные расходы (с расшифровкой) | BI62: тыс. руб.
A63: 1.3 | K63: недополученный по независящим причинам доход (+)/избыток средств, полученный в предыдущем периоде регулирования (-) | BI63: тыс. руб. | CD63: =-11176975.57/1000-10.5 -> -11187.476 | CN63: Убыток был покрыт за счёт прибыли от прочих нерегулируемых видов деятельности.
A64: II | K64: Справочно: расходы на ремонт, всего (пункт 1.1.1.2 + пункт 1.1.2.1 + пункт 1.1.3.1) | BI64: тыс. руб. | BT64: =BT22+BT24+BT26 -> 997.515 | CD64: =CD22+CD24+CD26 -> 5520.3886 | CN64: Превышение фактических расходов над плановыми обусловлено необходимостью проведения дополнительных ремонтных мероприятий. Расходы покрывались за счёт прибыли от прочих нерегулируемых видов деятельности.
A65: III | K65: Необходимая валовая выручка на оплату технологического расхода (потерь) электроэнергии | BI65: тыс. руб. | BT65: =6061.78/2 -> 3030.89 | CD65: =[1]ПНТЗ!E18/1000 -> 2698.168
A66: 1.1 | K66: Справочно: Объем технологических потерь | BI66: МВт∙ч
A67: 1.2 | K67: Справочно: Цена покупки электрической энергии сетевой организацией в целях компенсации технологического расхода электрической энергии | BI67: тыс. руб.
A68: IV | K68: Натуральные (количественные) показатели, используемые при определении структуры и объемов затрат на оказание услуг по передаче электрической энергии сетевыми организациями | BI68: х | BT68: х | CD68: х | CN68: х
A69: 1 | K69: общее количество точек подключения на конец года | BI69: шт.
A70: 2 | K70: Трансформаторная мощность подстанций, всего | BI70: МВа | BT70: 360 | CD70: 360
A71: 2.1 | K71: в том числе трансформаторная мощность подстанций на ВН уровне напряжения | BI71: МВа | BT71: 360 | CD71: 360
A72: 3 | K72: Количество условных единиц по линиям электропередач, всего | BI72: у.е. | BT72: =BT74+BT75 -> 9.5265 | CD72: =BT72 -> 9.5265
A73: 3.1 | K73: в том числе количество условных единиц по линиям электропередач на CH I уровне напряжения | BI73: у.е. | BT73: 0 | CD73: =BT73 -> 0
A74: 3.2 | K74: в том числе количество условных единиц по линиям электропередач на CH II уровне напряжения | BI74: у.е. | BT74: =8.8515 -> 8.8515 | CD74: =BT74 -> 8.8515
A75: 3.3 | K75: в том числе количество условных единиц по линиям электропередач на HH уровне напряжения | BI75: у.е. | BT75: 0.675 | CD75: =BT75 -> 0.675
A76: 4 | K76: Количество условных единиц по подстанциям, всего | BI76: у.е. | BT76: =BT77+BT78+BT79 -> 1070.636 | CD76: =BT76 -> 1070.636
A77: 4.1 | K77: в том числе количество условных единиц по подстанциям на ВН уровне напряжения | BI77: у.е. | BT77: 608.4 | CD77: =BT77 -> 608.4
A78: 4.2 | K78: в том числе количество условных единиц по подстанциям на CH I уровне напряжения | BI78: у.е. | BT78: 6.4 | CD78: =BT78 -> 6.4
A79: 4.3 | K79: в том числе количество условных единиц по подстанциям на CH II уровне напряжения | BI79: у.е. | BT79: 455.836 | CD79: =BT79 -> 455.836
A80: 5 | K80: Длина линий электропередач, всего | BI80: км | BT80: =BT82+BT83 -> 2.779 | CD80: =BT80 -> 2.779
A81: 5.1 | K81: в том числе длина линий электропередач на CH I уровне напряжения | BI81: км | BT81: 0 | CD81: 0
A82: 5.2 | K82: в том числе длина линий электропередач на CH II уровне напряжения | BI82: км | BT82: 2.529 | CD82: =BT82 -> 2.529
A83: 5.3 | K83: в том числе длина линий электропередач на HH уровне напряжения | BI83: км | BT83: 0.25 | CD83: =BT83 -> 0.25
A84: 6 | K84: Доля кабельных линий электропередач | BI84: % | BT84: 1 | CD84: 1
A85: 7 | K85: Ввод в эксплуатацию новых объектов электросетевого комплекса на конец года | BI85: тыс. руб.
A86: 7.1 | K86: в том числе за счет платы за технологическое присоединение | BI86: тыс. руб.
A87: 8 | K87: норматив технологического расхода (потерь) электрической энергии, установленный Минэнерго России ***** | BI87: % | BT87: х | CD87: х | CN87: х
G89: Примечание:
A90: _____*_В случае определения плановых значений показателей органами исполнительной власти в области государственного регулирования тарифов при установлении тарифов на услуги по передаче электрической энергии в столбце <план> указываются соответствующие значения. Плановые значения составляющих подконтрольных расходов раскрываются в отношении расходов, учтенных регулирующим органом на первый год долгосрочного периода регулирования.
A91: _____**_Информация о фактических затратах на оказание регулируемых услуг заполняется на основании данных раздельного учета расходов по регулируемым видам деятельности.
A92: _____***_При наличии отклонений фактических значений показателей от плановых значений более чем на 15 процентов в столбце <Примечание> указываются причины их возникновения.
A93: _____****_В соответствии с пунктом 28 Основ ценообразования в области регулируемых цен (тарифов) в электроэнергетике, утвержденных постановлением Правительства Российской Федерации от 29.12.2011 № 1178.
A94: _____*****_В соответствии с пунктом 4.2.14.8 Положения о Министерстве энергетики Российской Федерации, утвержденного постановлением Правительства Российской Федерации от 28.05.2008 № 400.

Sheet Прил. 4 (приказ 1831-э)
BL1: Приложение 4
BL2: к приказу Федеральной службы по тарифам
BL3: от 24 октября 2014 г. № 1831-э
A5: Форма раскрытия информации о движении активов, включающий балансовую
A6: стоимость активов на начало года, балансовую стоимость активов на конец года,
A7: а также информацию о выбытии активов в течение года, о вводе активов в течение
A8: года, в том числе за счет переоценки, модернизации, реконструкции, строительства
A9: и приобретения нового оборудования
C11: Наименование
C12: организации | Q12: АО "ЭСК ЧТПЗ"
C13: ИНН:
C14: КПП:
A16: № п/п | H16: Показатель | BD16: Ед. изм. | BO16: Год | CI16: Примечание *
BO17: план | BY17: факт
A18: 1 | I18: Остаточная балансовая стоимость активов на начало года долгосрочного периода регулирования | BD18: тыс. руб. | BY18: =[1]аморт!E69/1000 -> 4014.1703
A19: 2 | I19: Ввод активов (основных средств), всего | BD19: тыс. руб. | BY19: =[1]аморт!F69/1000 -> 41221.703
BD20: МВА
BD21: км
A22: 2.1 | I22: Увеличение стоимости активов (основных средств) за счет переоценки | BD22: тыс. руб.
A23: 2.2 | I23: Ввод активов (основных средств) за год | BD23: тыс. руб.
BD24: МВА
BD25: км
A26: 2.2.1 | I26: в том числе модернизация и реконструкция | BD26: тыс. руб. | BY26: 0
BD27: МВА
BD28: км
A29: 2.2.2 | I29: в том числе новое строительство | BD29: тыс. руб. | BY29: 0
BD30: МВА
BD31: км
A32: 2.2.3 | I32: Прочее, в том числе приобретение нового оборудования | BD32: тыс. руб. | BY32: =[1]аморт!F69/1000 -> 41221.703
BD33: МВА
BD34: км
A35: 3 | I35: Выбытие активов (основных средств) | BD35: тыс. руб. | BY35: 0
BD36: МВА
BD37: км
A38: 4 | I38: Остаточная балансовая стоимость активов на конец года долгосрочного периода регулирования | BD38: тыс. руб. | BY38: =[1]аморт!M69/1000 -> 43394.993
A40: Примечание:
A42: _____*_При наличии отклонений фактических значений показателей от плановых значений более чем на 15 процентов в столбце <Примечание> указываются причины их возникновения.

Sheet 1.6. (приказ 585) (ПНТЗ)
EY1: Таблица 1.6
A3: Расшифровка расходов субъекта естественных монополий, оказывающего услуги по передаче электроэнергии (мощности) по электрическим сетям, принадлежащим на праве собственности
A4: или ином законном основании территориальным сетевым организациям
A6: Заполняется: | AN6: Субъектами естественных монополий, оказывающими услуги по передаче электроэнергии (мощности) по электрическим сетям, принадлежащим на праве собственности
AN7: или ином законном основании территориальным сетевым организациям
A8: Период заполнения: | AN8: Годовая
A9: Требования к заполнению: | AN9: Заполняется отдельно по каждому субъекту РФ
A11: Организация: | DN11: АО "Энергосетевая компания ЧТПЗ"
A12: Идентификационный номер налогоплательщика (ИНН): | DN12: 7449045730
A13: Местонахождение (адрес): | DN13: 454129, г.Челябинск, ул.Машиностроителей,21
A14: Субъект РФ: | DN14: Челябинская область
A15: Отчетный период: | DN15: 2016 год
A18: Показатель | AN18: Единица измерения | AV18: Код показа-теля | BB18: За отчетный период, всего по предприятию | BK18: из графы 4: по Субъекту РФ, указанному в заголовке формы | BT18: из графы 5 по видам деятельности * | CV18: За аналогичный период пре-дыдущего года, всего по предприятию | DE18: из графы 10: по Субъекту РФ, указанному в заголовке формы | DN18: из графы 10 по видам деятельности * | EP18: Примечания: принцип разделения показателей по субъектам РФ и по видам деятельности согласно ОРД предприятия
BT19: Передача по расп-редели-тельным сетям | CA19: Техноло-гическое присоеди-нение | CH19: Передача и техно-логичес-кое присоеди-нение | CO19: Прочие виды деятель-ности | DN19: Передача по расп-редели-тельным сетям | DU19: Техноло-гическое присоеди-нение | EB19: Передача и техно-логичес-кое присоеди-нение | EI19: Прочие виды деятель-ности
A20: 1 | AN20: 2 | AV20: 3 | BB20: 4 | BK20: 5 | BT20: 6 | CA20: 7 | CH20: 8 (сумма гр. 6 и 7) | CO20: 9 | CV20: 10 | DE20: 11 | DN20: 12 | DU20: 13 | EB20: 14 (сумма гр. 12 и 13) | EI20: 15 | EP20: 16
A21: Расходы, учитываемые в целях налогообложения прибыли, всего, в том числе (сумма строк 110, 120, 130, 140, 150, 160, 170, 180, 190) | AN21: тыс. руб. | AV21: 100 | BB21: =[1]всего!E8/1000 -> 445816.98 | BT21: =[1]ПНТЗ!E10/1000 -> 23659.33 | CA21: =CA22+CA30+CA35+CA43+CA44+CA45+CA48+CA49+CA50 -> 0 | CH21: =BT21+CA21 -> 23659.33 | CO21: =BB21-CH21 -> 422157.65 | CV21: =CV22+CV30+CV35+CV43+CV44+CV45+CV48+CV49+CV50 -> 369370.72 | DN21: =DN22+DN30+DN35+DN43+DN44+DN45+DN48+DN49+DN50 -> 38727.178 | DU21: =DU22+DU30+DU35+DU43+DU44+DU45+DU48+DU49+DU50 -> 0 | EB21: =DN21+DU21 -> 38727.178 | EI21: 330643.54
A22: Материальные расходы (сумма строк 111, 112, 113) | AN22: тыс. руб. | AV22: 110 | BB22: =BB23+BB24+BB29 -> 62922.267 | BK22: =BK23+BK24+BK29 -> 0 | BT22: =BT24+BT23+BT29 -> 3564.7059 | CH22: =BT22+CA22 -> 3564.7059 | CO22: =BB22-CH22 -> 59357.561 | CV22: =CV23+CV24+CV29 -> 39064.65 | DE22: =DE23+DE24+DE29 -> 0 | DN22: =DN24+DN23+DN29 -> 17116.05 | EB22: =DN22+DU22 -> 17116.05 | EI22: 21948.6
A23: Расходы на приобретение сырья и материалов | AN23: тыс. руб. | AV23: 111 | BB23: =([1]всего!E26+[1]всего!E27+[1]всего!E28+[1]всего!E29+[1]всего!E30+[1]всего!E86+[1]всего!E87+[1]всего!E88+[1]всего!E89+[1]всего!E90+[1]всего!E145+[1]всего!E146+[1]всего!E147+[1]всего!E149)/1000 -> 39668.279 | BT23: =([1]ПНТЗ!E36+[1]ПНТЗ!E37+[1]ПНТЗ!E38+[1]ПНТЗ!E39+[1]ПНТЗ!E40+[1]ПНТЗ!E41+[1]ПНТЗ!E42+[1]ПНТЗ!E43+[1]ПНТЗ!E44)/1000 -> 866.53789 | CH23: =BT23+CA23 -> 866.53789 | CO23: =BB23-CH23 -> 38801.741 | CV23: 34866.6 | DN23: =12918 -> 12918 | EB23: =DN23+DU23 -> 12918 | EI23: 21948.6
A24: Расходы на приобретение электрической энергии на компенсацию технологического расхода (потерь) электрической энергии в сетях, в том числе по уровням напряжения: | AN24: тыс. руб. | AV24: 112 | BB24: =BT25 -> 2698.168 | BT24: =BB24 -> 2698.168 | CH24: =BT24+CA24 -> 2698.168 | CO24: =BB24-CH24 -> 0 | CV24: 4198.05 | DN24: 4198.05 | EB24: =DN24+DU24 -> 4198.05 | EI24: 0
A25: ВН | AN25: тыс. руб. | BB25: =[1]всего!E37/1000 -> 7380.1154 | BT25: =[1]ПНТЗ!E18/1000 -> 2698.168 | CH25: =BT25+CA25 -> 2698.168 | CO25: =BB25-CH25 -> 4681.9474 | CV25: =CV24 -> 4198.05 | DN25: 4198.05 | EB25: =DN25+DU25 -> 4198.05 | EI25: 0
A26: СН1 | AN26: тыс. руб. | CH26: =BT26+CA26 -> 0 | CO26: =BB26-CH26 -> 0 | EB26: =DN26+DU26 -> 0 | EI26: 0
A27: СН2 | AN27: тыс. руб. | CH27: =BT27+CA27 -> 0 | CO27: =BB27-CH27 -> 0 | EB27: =DN27+DU27 -> 0 | EI27: 0
A28: НН | AN28: тыс. руб. | CH28: =BT28+CA28 -> 0 | CO28: =BB28-CH28 -> 0 | EB28: =DN28+DU28 -> 0 | EI28: 0
A29: Расходы на приобретение электрической энергии на хозяйственные нужды | AN29: тыс. руб. | AV29: 113 | BB29: =([1]всего!E38+[1]всего!E39+[1]всего!E97+[1]всего!E98+[1]всего!E150)/1000 -> 20555.82 | BT29: 0 | CH29: =BT29+CA29 -> 0 | CO29: =BB29-CH29 -> 20555.82 | EB29: =DN29+DU29 -> 0 | EI29: 0
A30: Расходы на оплату услуг сторонних организаций (сумма строк 121, 122, 123, 124) | AN30: тыс. руб. | AV30: 120 | BB30: =BB31+BB32+BB33+BB34 -> 30927.675 | BT30: =BT31+BT32+BT33+BT34 -> 1573.5634 | CH30: =BT30 -> 1573.5634 | CO30: =BB30-CH30 -> 29354.112 | CV30: =CV31+CV32+CV33+CV34 -> 32290.29 | DN30: =DN31+DN32+DN33+DN34 -> 662.27 | EB30: =DN30 -> 662.27 | EI30: 31628.02
A31: Расходы на страхование | AN31: тыс. руб. | AV31: 121 | BB31: =([1]всего!E53+[1]всего!E112+[1]всего!E113+[1]всего!E107+[1]всего!E158)/1000 -> 1918.0189 | BT31: =([1]ПНТЗ!E51+[1]ПНТЗ!E92)/1000 -> 78.39005 | CH31: =BT31 -> 78.39005 | CO31: =BB31-CH31 -> 1839.6288 | CV31: 1380.7 | DN31: 150.04 | EB31: =DN31 -> 150.04 | EI31: 1230.66
A32: Оплата услуг ОАО "ФСК ЕЭС" | AN32: тыс. руб. | AV32: 122 | CH32: =BT32+CA32 -> 0 | CO32: =BB32-CH32 -> 0 | EB32: =DN32+DU32 -> 0 | EI32: 0
A33: Оплата услуг по передаче электрической энергии, оказываемых другими сетевыми организациями | AN33: тыс. руб. | AV33: 123 | CH33: =BT33+CA33 -> 0 | CO33: =BB33-CH33 -> 0 | EB33: =DN33+DU33 -> 0 | EI33: 0
A34: Расходы на ремонт основных средств, выполняемые подрядным способом | AN34: тыс. руб. | AV34: 124 | BB34: =([1]всего!E50+[1]всего!E54+[1]всего!E55+[1]всего!E57+[1]всего!E58+[1]всего!E59+[1]всего!E60+[1]всего!E61+[1]всего!E62+[1]всего!E63+[1]всего!E121+[1]всего!E122+[1]всего!E124+[1]всего!E125+[1]всего!E128+[1]всего!E118)/1000 -> 29009.656 | BT34: =([1]ПНТЗ!E24+[1]ПНТЗ!E59+[1]ПНТЗ!E63)/1000 -> 1495.1734 | CH34: =BT34 -> 1495.1734 | CO34: =BB34-CH34 -> 27514.483 | CV34: 30909.59 | DN34: 512.23 | EB34: =DN34 -> 512.23 | EI34: 30397.36
A35: Расходы на оплату труда | AN35: тыс. руб. | AV35: 130 | BB35: =BB36+BB37+BB38 -> 146152.44 | BT35: =BT36+BT37+BT38 -> 9931.5244 | CH35: =BT35 -> 9931.5244 | CO35: =BB35-CH35 -> 136220.92 | CV35: 104838.36 | DN35: 8245.07 | EB35: =DN35 -> 8245.07 | EI35: 96593.29
A36: Управленческий персонал | AN36: тыс. руб. | BB36: =[1]всего!E133/1000 -> 12738.487 | BT36: =[1]ПНТЗ!E68/1000 -> 712.26534 | CH36: =BT36 -> 712.26534 | CO36: =BB36-CH36 -> 12026.222 | CV36: 9964.81 | DN36: =DN35-DN37-DN38 -> 1043.41 | EB36: =DN36 -> 1043.41 | EI36: 8921.4
A37: Специалисты и технические | AN37: тыс. руб. | BB37: =[1]всего!E70/1000 -> 62186.324 | BT37: =[1]ПНТЗ!E26/1000 -> 5157.5163 | CH37: =BT37 -> 5157.5163 | CO37: =BB37-CH37 -> 57028.808 | CV37: =CV35-CV36-CV38 -> 43089.6 | DN37: 1903.83 | EB37: =DN37 -> 1903.83 | EI37: 41185.77
A38: Основные производственные рабочие | AN38: тыс. руб. | BB38: =[1]всего!E14/1000 -> 71227.632 | BT38: =[1]ПНТЗ!E13/1000 -> 4061.7427 | CH38: =BT38 -> 4061.7427 | CO38: =BB38-CH38 -> 67165.889 | CV38: 51783.95 | DN38: 5297.83 | EB38: =DN38 -> 5297.83 | EI38: 46486.12
A39: Справочно: среднесписочная численность промышленно-производственного персонала организации ** | AN39: чел. | CH39: =BT39+CA39 -> 0 | CO39: =BB39-CH39 -> 0 | EB39: =DN39+DU39 -> 0 | EI39: 0
A40: Управленческий персонал | AN40: чел. | CH40: =BT40+CA40 -> 0 | CO40: =BB40-CH40 -> 0 | EB40: =DN40+DU40 -> 0 | EI40: 0
A41: Специалисты и технические | AN41: чел. | CH41: =BT41+CA41 -> 0 | CO41: =BB41-CH41 -> 0 | EB41: =DN41+DU41 -> 0 | EI41: 0
A42: Основные производственные рабочие | AN42: чел. | CH42: =BT42+CA42 -> 0 | CO42: =BB42-CH42 -> 0 | EB42: =DN42+DU42 -> 0 | EI42: 0
A43: Расходы на выплату страховых взносов в Пенсионный фонд Российской Федерации, Фонд социального страхования Российской Федерации, Федеральный фонд обязательного медицинского страхования и территориальные фонды обязательного медицинского страхования | AN43: тыс. руб. | AV43: 140 | BB43: =([1]всего!E40+[1]всего!E100+[1]всего!E102+[1]всего!E152+[1]всего!E154)/1000 -> 38182.89 | BT43: =([1]ПНТЗ!E19+[1]ПНТЗ!E86+[1]ПНТЗ!E88+[1]ПНТЗ!E45)/1000 -> 2366.6633 | CH43: =BT43+CA43 -> 2366.6633 | CO43: =BB43-CH43 -> 35816.226 | CV43: 27715.52 | DN43: 2146.56 | EB43: =DN43+DU43 -> 2146.56 | EI43: 25568.96
A44: Амортизация основных средств | AN44: тыс. руб. | AV44: 150 | BB44: =([1]всего!E11+[1]всего!E68+[1]всего!E131)/1000 -> 1837.6373 | BT44: =[1]ПНТЗ!E67/1000 -> 3.73326 | CH44: =BT44+CA44 -> 3.73326 | CO44: =BB44-CH44 -> 1833.9041 | CV44: 174.4 | DN44: 174.4 | EB44: =DN44+DU44 -> 174.4 | EI44: 0
A45: Аренда и лизинговые платежи (сумма строк 161, 162) | AN45: тыс. руб. | AV45: 160 | BB45: =BB46 -> 93474.491 | BT45: =BT46 -> 5405.4775 | CH45: =BT45+CA45 -> 5405.4775 | CO45: =BB45-CH45 -> 88069.014 | CV45: =CV46 -> 98419.06 | DN45: =DN46 -> 7692.56 | EB45: =DN45+DU45 -> 7692.56 | EI45: 90726.5
A46: Плата за аренду имущества | AN46: тыс. руб. | AV46: 161 | BB46: =([1]всего!E46+[1]всего!E47+[1]всего!E48+[1]всего!E104+[1]всего!E105+[1]всего!E106+[1]всего!E156)/1000 -> 93474.491 | BT46: =([1]ПНТЗ!E23+[1]ПНТЗ!E49+[1]ПНТЗ!E50+[1]ПНТЗ!E90)/1000 -> 5405.4775 | CH46: =BT46+CA46 -> 5405.4775 | CO46: =BB46-CH46 -> 88069.014 | CV46: 98419.06 | DN46: 7692.56 | EB46: =DN46+DU46 -> 7692.56 | EI46: 90726.5
A47: Лизинговые платежи | AN47: тыс. руб. | AV47: 162 | BB47: 0 | CH47: =BT47+CA47 -> 0 | CO47: =BB47-CH47 -> 0 | CV47: 0 | EB47: =DN47+DU47 -> 0 | EI47: 0
A48: Налоги, уменьшающие налогооблагаемую базу по налогу на прибыль | AN48: тыс. руб. | AV48: 170 | BB48: =([1]всего!E101+[1]всего!E153)/1000 -> 192.892 | BT48: =[1]ПНТЗ!E87/1000 -> 11.91697 | CH48: =BT48+CA48 -> 11.91697 | CO48: =BB48-CH48 -> 180.97503 | CV48: 42.163 | DN48: 42.163 | EB48: =DN48+DU48 -> 42.163 | EI48: 0
A49: Расходы на выплату процентов по кредитам, уменьшающие налогооблагаемую базу по налогу на прибыль | AN49: тыс. руб. | AV49: 180 | BB49: 0 | CH49: =BT49+CA49 -> 0 | CO49: =BB49-CH49 -> 0 | CV49: 0 | EB49: =DN49+DU49 -> 0 | EI49: 0
A50: Прочие расходы | AN50: тыс. руб. | AV50: 190 | BB50: =BB21-BB22-BB30-BB35-BB43-BB44-BB45-BB48 -> 72126.685 | BT50: =BT21-BT22-BT30-BT35-BT43-BT44-BT45-BT48 -> 801.74545 | CH50: =BT50+CA50 -> 801.74545 | CO50: =BB50-CH50 -> 71324.94 | CV50: 66826.277 | DN50: =2906.04-150.04-DN51-42.163+2.155-0.0869699999988079 -> 2648.105 | EB50: =DN50+DU50 -> 2648.105 | EI50: 64178.172
A51: Расходы, не учитываемые в целях налогообложения прибыли, всего, в том числе (сумма строк 210, 220, 230, 240, 250) | AN51: тыс. руб. | AV51: 200 | BB51: 2665.0185 | BT51: =SUM(BT55:BY56) -> 10.5 | CH51: =BT51+CA51 -> 10.5 | CO51: =BB51-CH51 -> 2654.5185 | CV51: =SUM(CV55:DD56) -> 871.63 | DN51: =SUM(DN55:DS56) -> 67.8 | EB51: =DN51+DU51 -> 67.8 | EI51: 803.83
A52: Возврат заемных средств на цели инвестпрограммы | AN52: тыс. руб. | AV52: 210 | CH52: =BT52+CA52 -> 0 | CO52: =BB52-CH52 -> 0 | EB52: =DN52+DU52 -> 0 | EI52: 0
A53: Прибыль, направленная на инвестиции | AN53: тыс. руб. | AV53: 220 | CH53: =BT53+CA53 -> 0 | CO53: =BB53-CH53 -> 0 | EB53: =DN53+DU53 -> 0 | EI53: 0
A54: Прибыль, направленная на выплату дивидендов | AN54: тыс. руб. | AV54: 230 | CH54: =BT54+CA54 -> 0 | CO54: =BB54-CH54 -> 0 | EB54: =DN54+DU54 -> 0 | EI54: 0
A55: Расходы социального характера из прибыли | AN55: тыс. руб. | AV55: 240 | BB55: =1650582.25/1000 -> 1650.5822 | BT55: 10.5 | CH55: =BT55+CA55 -> 10.5 | CO55: =BB55-CH55 -> 1640.0822 | CV55: 638.42 | DN55: 49.6296 | EB55: =DN55+DU55 -> 49.6296 | EI55: 588.7904
A56: Прочие расходы из прибыли в отчетном периоде | AN56: тыс. руб. | AV56: 250 | BB56: =BB51-BB55 -> 1014.4362 | BT56: 0 | CH56: =BT56+CA56 -> 0 | CO56: =BB56-CH56 -> 1014.4362 | CV56: =871.63-CV55 -> 233.21 | DN56: 18.1704 | EB56: =DN56+DU56 -> 18.1704 | EI56: 215.0396
A57: Расходы на уплату налога на прибыль | AN57: тыс. руб. | AV57: 300 | BB57: 12488 | BT57: 0 | CA57: 0 | CH57: =BT57+CA57 -> 0 | CO57: =BB57-CH57 -> 12488 | CV57: 7306.744 | DN57: 0 | DU57: 0 | EB57: =DN57+DU57 -> 0 | EI57: 7306.744
A58: Справочные показатели:
A59: Из строки 100 прямые расходы | AN59: тыс. руб. | AV59: 400 | BB59: =[1]всего!E10/1000 -> 305640.42 | BT59: =[1]ПНТЗ!E12/1000 -> 14227.302 | CH59: =BT59+CA59 -> 14227.302 | CO59: =BB59-CH59 -> 291413.12 | CV59: 258488.85 | DN59: 31852.25 | EB59: =DN59+DU59 -> 31852.25 | EI59: 226636.6
A60: Из строки 100 косвенные расходы | AN60: тыс. руб. | AV60: 500 | BB60: =([1]всего!E67+[1]всего!E130)/1000 -> 140174.24 | BT60: =([1]ПНТЗ!E65+[1]ПНТЗ!E25)/1000 -> 9432.0279 | CH60: =BT60+CA60 -> 9432.0279 | CO60: =BB60-CH60 -> 130742.21 | CV60: 110881.87 | DN60: 6874.928 | EB60: =DN60+DU60 -> 6874.928 | EI60: 104006.95
A61: Расходы на приобретение, сооружение и изготовление основных средств, а также на достройку, дооборудование, реконструкцию, модернизацию и техническое перевооружение основных средств | AN61: тыс. руб. | AV61: 600 | CH61: =BT61+CA61 -> 0 | CO61: =BB61-CH61 -> 0 | EB61: =DN61+DU61 -> 0 | EI61: 0
A62: Расходы на ремонт основных средств (включая арендованные), всего, в том числе: | AN62: тыс. руб. | AV62: 700 | BB62: =SUM(BB63:BJ65) -> 158187.3 | BT62: =SUM(BT63:BZ65) -> 10122.549 | CH62: =BT62+CA62 -> 10122.549 | CO62: =BB62-CH62 -> 148064.76 | CV62: =SUM(CV63:DD65) -> 126287.76 | DN62: =SUM(DN63:DT65) -> 20130.5 | EB62: =DN62+DU62 -> 20130.5 | EI62: =CV62-DN62 -> 106157.26
A63: материальные расходы | AN63: тыс. руб. | BB63: =([1]всего!E25+[1]всего!E26+[1]всего!E27+[1]всего!E28+[1]всего!E29+[1]всего!E30+[1]всего!E86+[1]всего!E87+[1]всего!E88+[1]всего!E89)/1000 -> 38898.648 | BT63: =BT22 -> 3564.7059 | CH63: =BT63+CA63 -> 3564.7059 | CO63: =BB63-CH63 -> 35333.943 | CV63: 29686.54 | DN63: 12918 | EB63: =DN63+DU63 -> 12918 | EI63: =CV63-DN63 -> 16768.54
A64: расходы на оплату труда и выплату страховых | AN64: тыс. руб. | BB64: =([1]всего!E14+[1]всего!E40)/1000 -> 90279 | BT64: =([1]ПНТЗ!E13+[1]ПНТЗ!E19)/1000 -> 5062.6697 | CH64: =BT64+CA64 -> 5062.6697 | CO64: =BB64-CH64 -> 85216.33 | CV64: 65691.63 | DN64: 6700.27 | EB64: =DN64+DU64 -> 6700.27 | EI64: =CV64-DN64 -> 58991.36
A65: расходы на ремонт основных средств, выполняемый подрядным способом | AN65: тыс. руб. | BB65: =BB34 -> 29009.656 | BT65: =BT34 -> 1495.1734 | CH65: =BT65+CA65 -> 1495.1734 | CO65: =BB65-CH65 -> 27514.483 | CV65: 30909.59 | DN65: 512.23 | EB65: =DN65+DU65 -> 512.23 | EI65: =CV65-DN65 -> 30397.36
A66: прочие расходы | AN66: тыс. руб. | CH66: =BT66+CA66 -> 0 | CO66: =BB66-CH66 -> 0 | EB66: =DN66+DU66 -> 0 | EI66: =CV66-DN66 -> 0
A67: Расходы на приобретение электрической энергии в целях компенсации коммерческого расхода (потерь) электрической энергии в сетях | AN67: тыс. руб. | AV67: 800 | BB67: =BB25 -> 7380.1154 | BT67: =BT24 -> 2698.168 | CH67: =BT67+CA67 -> 2698.168 | CO67: =BB67-CH67 -> 4681.9474 | CV67: =CV25 -> 4198.05 | DN67: =DN24 -> 4198.05 | EB67: =DN67+DU67 -> 4198.05 | EI67: =CV67-DN67 -> 0
A69: _____*_Полное наименование видов деятельности:
A70: _______гр. 6, 12 - оказание услуг по передаче электрической энергии (мощности) по единой национальной (общероссийской) электрической сети;
A71: _______гр. 7, 13 - оказание услуг по технологическому присоединению к электрическим сетям.
A72: ____**_В целях настоящей таблицы под промышленно-производственным персоналом понимается персонал, расходы на оплату труда которого учитываются по счету 20 "Основное производство".
EY73: Приложение к таблице 1.6
A74: Расшифровка дебиторской задолженности, заемных средств и стоимости активов
A75: Показатель | AN75: Единица измерения | AV75: Код показа-теля | BB75: По состоянию на начало отчетного периода, всего по предприятию | BK75: из графы 4: по Субъекту РФ, указанному в заголовке формы | BT75: из графы 5 по видам деятельности * | CV75: По состоянию на коней отчетного периода, всего по предприятию | DE75: из графы 10: по Субъекту РФ, указанному в заголовке формы | DN75: из графы 10 по видам деятельности * | EP75: Примечания: принцип разделения показателей по субъектам РФ и по видам деятельности согласно ОРД предприятия
BT76: Передача по расп-редели-тельным сетям | CA76: Техноло-гическое присоеди-нение | CH76: Передача и техно-логичес-кое присоеди-нение | CO76: Прочие виды деятель-ности | DN76: Передача по расп-редели-тельным сетям | DU76: Техноло-гическое присоеди-нение | EB76: Передача и техно-логичес-кое присоеди-нение | EI76: Прочие виды деятель-ности
A77: 1 | AN77: 2 | AV77: 3 | BB77: 4 | BK77: 5 | BT77: 6 | CA77: 7 | CH77: 8 (сумма гр. 6 и 7) | CO77: 9 | CV77: 10 | DE77: 11 | DN77: 12 | DU77: 13 | EB77: 14 (сумма гр. 12 и 13) | EI77: 15 | EP77: 16
A78: Дебиторская задолженность | AN78: тыс. руб. | AV78: 900 | BB78: 79041 | BT78: х | CA78: х | CH78: х | CO78: х | CV78: 67595 | DN78: х | DU78: х | EB78: х | EI78: х
A79: в том числе по расчетам с покупателями и заказчиками | AN79: тыс. руб. | AV79: - | BB79: х | BK79: х | BT79: 3579.499 | CA79: 0 | CH79: х | CO79: х | CV79: х | DE79: х | DN79: 3267.95 | DU79: 0 | EB79: х | EI79: х
A80: Заемные средства, учитываемые в долгосрочных обязательствах, которые могут быть прямо отнесены на услуги по передаче электроэнергии по распределительным сетям и технологическое присоединение | AN80: тыс. руб. | AV80: 1000 | BB80: х | BK80: х | CH80: х | CO80: х | CV80: х | DE80: х | EB80: х | EI80: х
A81: Заемные средства, учитываемые в краткосрочных обязательствах, которые могут быть прямо отнесены на услуги по передаче электроэнергии по распределительным сетям и технологическое присоединение | AN81: тыс. руб. | AV81: 1100 | BB81: х | BK81: х | CH81: х | CO81: х | CV81: х | DE81: х | EB81: х | EI81: х
A82: Основные средства | AN82: тыс. руб. | AV82: 1200 | BB82: 43394.993 | BT82: х | CA82: х | CH82: 41384.82 | CO82: =BB82-CH82 -> 2010.1734 | CV82: 4014.17 | DN82: х | DU82: х | EB82: 4014.17 | EI82: 0
A83: Арендованные основные средства | AN83: тыс. руб. | AV83: 1300 | BB83: 2503010.2 | BT83: х | CA83: х | CH83: 8663.32 | CV83: 2503010.2 | DN83: х | DU83: х | EB83: 8663.32
A84: Незавершенное строительство | AN84: тыс. руб. | AV84: 1400 | BT84: х | CA84: х | DN84: х | DU84: х
A86: _____*_Полное наименование видов деятельности:
A87: _______гр. 6, 12 - оказание услуг по передаче электрической энергии (мощности) по единой национальной (общероссийской) электрической сети;
A88: _______гр. 7, 13 - оказание услуг по технологическому присоединению к электрическим сетям.
A90: Руководитель | EJ90: Бельков В.Е.
DN91: (подпись) | EJ91: (Фамилия, имя, отчество)
